 Dungeon Crawl Stone Soup version 0.30-a0-930-gb9d0489357 (webtiles) character file.

Game seed: 3172823986254815947

177 ZappyNine the Ducker (level 5, -1/44 HPs)
             Began as a Demigod Gladiator on Mar 23, 2023.
             Slain by an ufetubus (3 damage)
             ... on level 4 of the Dungeon.
             The game lasted 00:02:08 (2548 turns).

ZappyNine the Ducker (Demigod Gladiator)            Turns: 2548, Time: 00:02:09

Health: -1/44      AC:  3    Str: 15    XL:     5   Next: 9%
Magic:  7/7        EV: 13    Int:  8    God:
Gold:   149        SH:  0    Dex: 19    Spells: 4/4 levels left

rFire   + . .      SeeInvis .    a - +0 rapier
rCold   . . .      Faith    .    (no shield)
rNeg    . . .      Spirit   .    b - +0 leather armour
rPois   .          Reflect  .    (helmet restricted)
rElec   .          Rampage  .    (no cloak)
rCorr   .                        (no gloves)
Will    .....                    (no boots)
Stlth   +                        (no amulet)
HPRegen 0.27/turn                f - ring of protection from fire
MPRegen 0.10/turn                (no ring)

@: hasted, very quick
A: high MP 1, forlorn, divine attributes, horns 1, dopey 1, screaming 1
a: no special abilities


You were on level 4 of the Dungeon.
You visited 1 branch of the dungeon, and saw 4 of its levels.

You collected 149 gold pieces.

Inventory:

Hand Weapons
 a - a +0 rapier (weapon)
Missiles
 d - 3 throwing nets (quivered)
 e - 6 javelins
Armour
 b - a +0 leather armour (worn)
 c - a +0 helmet
 l - a +2 helmet
Jewellery
 f - a ring of protection from fire (left hand)
Scrolls
 i - a scroll of fog {unknown}
 j - 3 scrolls of identify {unknown}
 k - a scroll of magic mapping {unknown}
 m - 2 scrolls of teleportation {unknown}
 n - a scroll of immolation {unknown}
 p - a scroll of enchant weapon {unknown}
 q - a scroll of blinking {unknown}
Potions
 g - a potion of degeneration {unknown}
 h - a potion of mutation
 o - a potion of curing {unknown}
 s - a potion of might {unknown}


   Skills:
 + Level 2.8 Fighting
 + Level 3.4 Short Blades
 - Level 1.7 Throwing
 + Level 1.6 Armour
 * Level 4.0 Dodging


You had 4 spell levels left.
You didn't know any spells.
Your spell library contained the following spells:

 Spells                   Type           Power      Damage    Failure   Level
 Blink                    Tloc           0%         N/A       63%         2
 Tukima's Dance           Hex            0%         N/A       85%         3
 Manifold Assault         Tloc           0%         N/A       99%         4
 Passage of Golubria      Tloc           0%         N/A       99%         4
 Yara's Violent Unravell  Hex/Tmut       0%         3d3       100%        5
 Storm Form               Tmut/Air       0%         N/A       100%        7


Dungeon Overview and Level Annotations

Branches:
Dungeon (4/15)
 Temple: D:4-7

Shops:
D:3 *


Innate Abilities, Weirdness & Mutations

You have an increased reservoir of magic. (+10% MP)
You shall have no god before yourself.
Your divine heritage dramatically boosts your attributes as you level up.
You have a pair of small horns on your head.
You are dopey. (Int -2)
You occasionally shout uncontrollably at your foes.


Message History

You hit the scorpion but do no damage.
The scorpion is almost dead.
You feel sick. The scorpion completely misses you.
The ufetubus barely misses you. The ufetubus closely misses you.
The scorpion barely misses you.
The ufetubus hits you but does no damage.
The ufetubus misses you.
You hit the scorpion but do no damage. You punch the scorpion.
You kill the scorpion!
You feel sick.
You are no longer poisoned.
The ufetubus hits you but does no damage.
The ufetubus barely misses you.
Your Dodging skill increases to level 4!
You have reached level 5!
An endoplasm comes into view.
The ufetubus hits you.
* * * LOW HITPOINT WARNING * * *
The ufetubus closely misses you.
Unknown command.
You hit the ufetubus.
The ufetubus is moderately wounded.
The ufetubus misses you. The ufetubus closely misses you.
You hit the ufetubus but do no damage.
The ufetubus is moderately wounded.
The ufetubus closely misses you. The ufetubus barely misses you.
The ufetubus hits you but does no damage.
The ufetubus misses you.
Unknown command.
It was a potion of mutation.
You feel extremely strange.
You feel the urge to shout. A pair of horns grows on your head!
Your +2 helmet falls away!
You feel stupid. The ufetubus hits you.
* * * LOW HITPOINT WARNING * * *
The ufetubus closely misses you.
It was a potion of haste.
You feel yourself speed up.
The ufetubus hits you but does no damage.
The ufetubus hits you.
You die...

...#.. ... .
#....##
#....##..#..## ..
...?.....
#####.##.# .)..
.......#.###..#
..........##..#
.............<#
.......@5.#...##..#
.......##.#.......#
.......
#...........
J......
#...........
.......
##..........
####### #..........
#..........
###########


You could see an ufetubus and an endoplasm (asleep).

Vanquished Creatures
  A scorpion (D:4)
  6 adders
  A worm (D:3)
  3 dart slugs
  3 ball pythons
  4 endoplasms
  3 giant cockroaches
  4 goblins
  5 hobgoblins
  8 jackals
  2 quokkas
  2 bats
  3 frilled lizards
  6 kobolds
  5 rats
56 creatures vanquished.

Notes
Turn   | Place    | Note
-------+----------+-------------------------------------------
     0 | D:1      | ZappyNine the Demigod Gladiator began the quest for the
                  | Orb.
     0 | D:1      | Reached XP level 1. HP: 17/17 MP: 3/3
   236 | D:1      | Reached XP level 2. HP: 18/24 MP: 4/4
   307 | D:1      | Reached skill level 3 in Dodging
   761 | D:2      | Reached XP level 3. HP: 12/29 MP: 5/5
  1351 | D:2      | Reached skill level 1 in Armour
  1859 | D:3      | Reached XP level 4. HP: 37/37 MP: 6/6
  2199 | D:3      | Found Gozag's Platinum Reserve.
  2544 | D:4      | Reached skill level 4 in Dodging
  2544 | D:4      | Reached XP level 5. HP: 4/44 MP: 7/7
  2544 | D:4      | HP: 2/44 [ufetubus (2)]
  2547 | D:4      | Gained mutation: You occasionally shout uncontrollably at
                  | your foes. [potion of mutation]
  2547 | D:4      | Gained mutation: You have a pair of small horns on your
                  | head. [potion of mutation]
  2547 | D:4      | Gained mutation: You are dopey. (Int -2) [potion of
                  | mutation]
  2548 | D:4      | Slain by an ufetubus

Illustrated notes

Levels and vault maps discovered:
D:1:      minmay_arrival_five_plusses, layout_loops_ring
D:2:      layout_loops_ring
D:3:      layout_loops_ring, nicolae_gozag_zags_fifth_avenue,
          nicolae_ashenzari_panopticon, chequers_decorated_corner,
          hangedman_decor_peaks_small
D:4:      layout_rooms

Skill      XL: |  1  2  3  4 |
---------------+-------------+-----
Fighting       | 2 |  2.8
Dodging        | 3 4 |  4.0
Short Blades   | 3 |  3.4
Armour         | 1 |  1.6
Throwing       | |  1.7

Action                     |  1- 3 |  4- 6 || total
---------------------------+-------+-------++-------
  Melee: Rapier            |   176 |    77 ||   253
         Punch             |     2 |     4 ||     6
    Use: Potion            |       |     2 ||     2
 Armour: Leather armour    |    54 |    36 ||    90
  Dodge: Dodged            |   125 |    70 ||   195

Table legend: (Time is in decaauts)
 A = Elapsed time spent in this place.
 B = Non-inter-level travel time spent in this place.
 C = Inter-level travel time spent in this place.
 D = Time resting spent in this place.
 E = Time spent auto-exploring this place.
 F = Levels seen in this place.
 G = Mean time per level.
                   A        B        C        D        E       F      G
               +--------+--------+--------+--------+--------+-----+--------+
         Total |   2558 |   2460 |     98 |     42 |   1909 |   4 |  639.5 |
       Dungeon |   2558 |   2460 |     98 |     42 |   1909 |   4 |  639.5 |
               +--------+--------+--------+--------+--------+-----+--------+

Top non-repeatable levels by time:
     D:2: 875 daAuts
     D:3: 849 daAuts
     D:1: 731 daAuts
     D:4: 102 daAuts
